 Dungeon Crawl Stone Soup version 0.29-a0-275-g389c0b56f3 (webtiles) character file.

Game seed: 16878305226371945856

4161 Gildeon the Basher (level 10, -4/59 HPs)
             Began as a Gargoyle Fighter on Mar 9, 2022.
             Was an Elder of Okawaru.
             Slain by a two-headed ogre
             ... wielding a +0 halberd
              (7 damage)
             ... in a bailey.
             The game lasted 00:17:06 (7341 turns).

Gildeon the Basher (Gargoyle Fighter)               Turns: 7341, Time: 00:17:07

Health: -4/59      AC: 24    Str: 32    XL:     10   Next: 28%
Magic:  10/10      EV:  8    Int: 11    God:    Okawaru [****..]
Gold:   443        SH:  5    Dex: 11    Spells: 6/9 levels left

rFire   . . .      SeeInvis .   q - +0 morningstar
rCold   . . .      Faith    .   c - +0 buckler
rNeg    + . .      Spirit   .   h - +0 plate armour
rPois   ∞          Reflect  .   B - +1 helmet
rElec   +          Harm     .   b - +0 cloak
rCorr   .          Rampage  .   (no gloves)
Will    .....                   o - +0 pair of boots
Stlth   ..........              p - amulet of regeneration
HPRegen 0.99/turn               f - +6 ring of strength
MPRegen 0.12/turn               k - +6 ring of strength

@: mighty
A: sickness immunity, AC +7, negative energy resistance 1, electricity
resistance, torment resistance 1, petrification resistance
a: Renounce Religion, Heroism, Finesse


You were in a bailey.
You worshipped Okawaru.
Okawaru was greatly pleased with you.
You visited 2 branches of the dungeon, and saw 11 of its levels.
You also visited: Bailey.

You collected 443 gold pieces.

Inventory:

Hand Weapons
 q - a +0 morningstar (weapon)
 r - a +0 shortbow
Armour
 b - a +0 cloak (worn)
 c - a +0 buckler (worn)
 h - a +0 plate armour (worn)
 o - a +0 pair of boots (worn)
 B - a +1 helmet (worn)
Jewellery
 f - a +6 ring of strength (left hand)
 k - a +6 ring of strength (right hand)
 p - an amulet of regeneration (around neck)
 s - a ring of resist corrosion
Wands
 a - a wand of mindburst (13)
 m - a wand of flame (25)
 y - a wand of polymorph (2)
Scrolls
 i - 3 scrolls of holy word
 j - a scroll of magic mapping
 l - 3 scrolls of teleportation
 n - 2 scrolls of acquirement
 w - a scroll of fear
 z - a scroll of noise {unknown}
 A - a scroll of enchant weapon {unknown}
 C - a scroll of enchant armour {unknown}
Potions
 e - a potion of resistance
 t - a potion of brilliance
 u - a potion of flight
 v - a potion of haste
 D - a potion of lignification


   Skills:
 - Level 5.0 Fighting
 * Level 11.9 Maces & Flails
 - Level 5.0 Armour
 + Level 4.0 Dodging
 - Level 5.0 Shields
 + Level 3.0 Evocations


You had 6 spell levels left.
You knew the following spells:

 Your Spells              Type           Power      Damage    Failure   Level
a - Mephitic Cloud        Conj/Pois/Air  0%         N/A       100%        3

Your spell library contained the following spells:

 Spells                   Type           Power      Damage    Failure   Level
 Shock                    Conj/Air       0%         1d3       98%         1
 Gell's Gravitas          Tloc           0%         N/A       100%        3
 Ignite Poison            Fire/Tmut/Pois 0%         N/A       100%        3
 Swiftness                Air            0%         N/A       100%        3
 Teleport Other           Tloc           0%         N/A       100%        3
 Airstrike                Air            0%         N/A       100%        4
 Freezing Cloud           Conj/Ice/Air   0%         6-21      100%        5
 Dispersal                Tloc           0%         N/A       100%        6


Dungeon Overview and Level Annotations

Branches:
Dungeon (10/15)            Temple (1/1) D:5            Lair (0/6) D:10
 Bailey (1/1)
    Orc: D:9-12

Altars:
Ashenzari
Cheibriados
Dithmenos
Elyvilon
Fedhas
Gozag
Hepliaklqana
Kikubaaqudgha
Makhleb
Nemelex Xobeh
Okawaru
Qazlal
Ru
Sif Muna
Trog
Uskayaw
Vehumet
Wu Jian
Xom
Yredelemnul
Zin
The Shining One

Shops:
D:7 =

Annotations:
D:8 Joseph, Prince Ribbit


Innate Abilities, Weirdness & Mutations

You are immune to sickness and miasma.
Your stone body is resilient. (AC +7)
You are immune to poison.
You resist negative energy. (rN+)
You are resistant to electric shocks. (rElec)
You are resistant to unholy torment.
You are immune to petrification.


Message History

You puncture the spriggan!
You kill the spriggan!
Okawaru accepts your kill.
The two-headed ogre hits you from afar with a +0 halberd! x2
Your Dodging skill increases to level 4!
Your Evocations skill increases to level 3!
The two-headed ogre hits you with a +0 halberd.
The two-headed ogre closely misses you.
You see here a +0 trident.
You feel better.
You feel very mighty all of a sudden.
The two-headed ogre hits you with a +0 halberd!
The two-headed ogre barely misses you.
You closely miss the two-headed ogre.
The two-headed ogre hits you with a +0 halberd!
* * * LOW HITPOINT WARNING * * *
The two-headed ogre hits you with a +0 halberd.
* * * LOW HITPOINT WARNING * * *
You feel better.
You sock the two-headed ogre!
The two-headed ogre is moderately wounded.
The two-headed ogre hits you with a +0 halberd.
* * * LOW HITPOINT WARNING * * *
The two-headed ogre barely misses you.
Okay, then.
You feel mightier all of a sudden.
The two-headed ogre hits you with a +0 halberd.
* * * LOW HITPOINT WARNING * * *
You block the two-headed ogre's attack.
You closely miss the two-headed ogre.
The two-headed ogre is moderately wounded.
You puncture the two-headed ogre!
The two-headed ogre is heavily wounded.
The two-headed ogre hits you but does no damage.
The two-headed ogre hits you with a +0 halberd!
* * * LOW HITPOINT WARNING * * *
You barely miss the two-headed ogre.
The two-headed ogre is heavily wounded.
The two-headed ogre hits you with a +0 halberd!
You die...

#########
##.......##
###
##.....@O..#
#.##
##..##♣####..#
...## ##..##
#♣..# ....#
##..#♣ #..#
....###..♣#
...#
.∩))≈≈≈..#
..O#
..).≈≈≈..# ..#
....≈≈≈..# ..#
....≈≈≈..#


You could see a two-headed ogre.

Vanquished Creatures
  Maggie (D:8)
  2 trolls
  A wyvern (D:8)
  A spriggan (Bailey)
  3 yaks
  A wraith (D:9)
  2 steam dragons
  An acid dragon (D:9)
  3 water moccasins (D:7)
  A black bear (D:7)
  An orc warrior (D:9)
  Pargi (D:3)
  5 ogres
  2 centaurs
  3 bullfrogs
  3 scorpions
  2 necrophages
  2 howler monkeys (D:5)
  5 hounds
  A gnoll shaman (D:7)
  An iguana (D:5)
  An orc wizard (D:9)
  8 adders
  12 gnolls
  A shadow imp (D:7)
  2 white imps
  An ufetubus (D:6)
  3 dart slugs
  17 orcs
  3 endoplasms
  3 giant cockroaches
  4 goblins
  3 hobgoblins
  5 jackals
  5 kobolds
  A quokka (D:4)
  4 ball pythons
  6 bats
  7 frilled lizards
  6 rats
134 creatures vanquished.

Vanquished Creatures (others)
  16 plants
16 creatures vanquished.

Grand Total: 150 creatures vanquished

Notes
Turn   | Place    | Note
-------+----------+-------------------------------------------
     0 | D:1      | Gildeon the Gargoyle Fighter began the quest for the Orb.
     0 | D:1      | Reached XP level 1. HP: 14/14 MP: 1/1
   301 | D:1      | Reached XP level 2. HP: 19/19 MP: 2/2
   468 | D:1      | Reached skill level 3 in Maces & Flails
   592 | D:1      | Found a faded altar of an unknown god.
   651 | D:1      | Reached XP level 3. HP: 23/23 MP: 3/3
  1202 | D:2      | Reached skill level 4 in Maces & Flails
  1696 | D:3      | Reached XP level 4. HP: 28/28 MP: 4/4
  2148 | D:3      | Reached skill level 5 in Maces & Flails
  2169 | D:3      | Reached XP level 5. HP: 32/32 MP: 5/5
  2339 | D:3      | Noticed Pargi
  2355 | D:3      | Killed Pargi
  2356 | D:3      | Reached skill level 6 in Maces & Flails
  2497 | D:3      | Reached XP level 6. HP: 37/37 MP: 6/6
  2900 | D:4      | Learned a level 3 spell: Mephitic Cloud
  3128 | D:4      | Reached skill level 7 in Maces & Flails
  3523 | D:4      | Reached XP level 7. HP: 41/41 MP: 7/7
  3594 | D:5      | Entered Level 5 of the Dungeon
  3656 | D:5      | Reached skill level 8 in Maces & Flails
  4234 | D:5      | Found a staircase to the Ecumenical Temple.
  4252 | Temple   | Entered the Ecumenical Temple
  4554 | Temple   | Became a worshipper of Warmaster Okawaru
  4736 | D:6      | Reached XP level 8. HP: 48/48 MP: 8/8
  4850 | D:6      | Reached skill level 9 in Maces & Flails
  4903 | D:6      | Identified 2 scrolls of acquirement
  4955 | D:6      | Reached * piety under Okawaru
  4969 | D:6      | Found a burning altar of Makhleb.
  5001 | D:6      | Found an opulent altar of Gozag.
  5194 | D:7      | Reached skill level 5 in Fighting
  5194 | D:7      | Reached skill level 5 in Armour
  5520 | D:7      | Found Lomeutwiaz's Jewellery Emporium.
  5542 | D:7      | Reached skill level 10 in Maces & Flails
  5542 | D:7      | Reached skill level 1 in Dodging
  5542 | D:7      | Reached XP level 9. HP: 54/54 MP: 9/9
  5611 | D:7      | Reached ** piety under Okawaru
  6054 | D:8      | Noticed Maggie
  6089 | D:8      | Killed Maggie
  6246 | D:8      | Noticed Joseph
  6247 | D:8      | Noticed Prince Ribbit
  6477 | D:9      | Reached skill level 5 in Shields
  6514 | D:9      | Noticed a troll
  6515 | D:9      | Reached *** piety under Okawaru
  6516 | D:9      | Reached skill level 11 in Maces & Flails
  6537 | D:9      | Killed a troll
  6538 | D:9      | Reached skill level 1 in Evocations
  7149 | D:10     | Entered Level 10 of the Dungeon
  7161 | D:9      | Reached XP level 10. HP: 42/59 MP: 10/10
  7218 | D:10     | Found a flagged portal.
  7229 | D:10     | Reached **** piety under Okawaru
  7239 | Bailey   | Entered a bailey
  7311 | Bailey   | Noticed a two-headed ogre
  7340 | Bailey   | HP: 2/59 [two-headed ogre/+0 halberd (8)]
  7341 | Bailey   | Slain by a two-headed ogre

Illustrated notes

Levels and vault maps discovered:
D:1:      nicolae_arrival_memento_mori, layout_rooms,
          shapermc_ecumenical_altar_ellora, hangedman_glass_teeth
D:2:      layout_basic
D:3:      layout_basic, kennysheep_nub, corexii_corridor_pit,
          chequers_decorated_corner, serial_bayou_lagoon_a,
          minmay_misc_feat_encased, uniq_pargi
D:4:      layout_loops_corners
D:5:      layout_loops_ring, minmay_temple_entry_stoned_glass,
          grunt_decor_one_mirror, serial_bayou_lagoon_b
D:6:      layout_basic, mainiacjoe_overflow_two_lobes, st_stairs_14
D:7:      layout_loops_corners, serial_shops, shop
D:8:      layout_rooms, serial_co_window_serial, co_window_corner_a,
          co_window_paths_a, co_window_paths_a, co_window_paths_b,
          co_window_paths_a, co_window_paths_b, co_window_paths_a,
          co_window_broadway_a, co_window_broadway_b, co_window_2corner,
          co_window_unsneaky_path_d, co_window_4corner_b, glass_columns_c,
          glass_columns_a, glass_columns_b, glass_columns_a,
          uniq_prince_ribbit1, uniq_joseph, uniq_maggie
D:9:      layout_stronghold, serial_bayou_ford_a
D:10:     layout_rooms, dpeg_lair_monsters, enter_bailey_2
Temple:   mainiacjoe_temple_cubbyholes
Bailey:   bailey_polearm_enchanted_keep_hellmonk, bailey

Skill      XL: |  1  2  3  4  5  6  7  8  9 10 |
---------------+-------------------------------+-----
Maces & Flails | 3 4 5 6 7 8 10 11 | 11.9
Fighting       | 5 |  5.0
Armour         | 5 |  5.0
Dodging        | 1 3 4 |  4.0
Shields        | 5 |  5.0
Evocations     | 2 3 |  3.0

Action                   |  1- 3 |  4- 6 |  7- 9 | 10-12 || total
-------------------------+-------+-------+-------+-------++-------
Melee: Flail             |   109 |    95 |       |       ||   204
       Morningstar       |       |    27 |   225 |    59 ||   311
  Use: Scroll            |     4 |     1 |     9 |     1 ||    15
       Potion            |       |       |       |     4 ||     4
Armor: Scale mail        |    16 |       |       |       ||    16
       Plate armour      |    60 |    80 |   156 |    37 ||   333
Dodge: Dodged            |    48 |    45 |    79 |    19 ||   191
Block: Buckler           |    29 |    22 |    54 |    23 ||   128

Table legend: (Time is in decaauts)
 A = Elapsed time spent in this place.
 B = Non-inter-level travel time spent in this place.
 C = Inter-level travel time spent in this place.
 D = Time resting spent in this place.
 E = Time spent auto-exploring this place.
 F = Levels seen in this place.
 G = Mean time per level.
                   A        B        C        D        E       F      G
               +--------+--------+--------+--------+--------+-----+--------+
         Total |   7459 |   7122 |    337 |     35 |   5626 |  12 |  621.6 |
       Dungeon |   6995 |   6724 |    271 |     18 |   5311 |  10 |  699.5 |
        Temple |    357 |    291 |     66 |      0 |    287 |   1 |  357.0 |
        Bailey |    105 |    105 |      0 |     17 |     28 |   1 |  105.0 |
               +--------+--------+--------+--------+--------+-----+--------+

Top non-repeatable levels by time:
     D:3: 1244 daAuts
     D:7: 951 daAuts
     D:9: 922 daAuts
     D:1: 847 daAuts
     D:4: 806 daAuts
     D:2: 764 daAuts
     D:5: 753 daAuts
     D:6: 380 daAuts
  Temple: 357 daAuts
     D:8: 267 daAuts
  Bailey: 105 daAuts
    D:10: 57 daAuts
